 Dungeon Crawl Stone Soup version 0.26.0-45-g9c1d065592 (webtiles) character file.

Game seed: 15641006123884035098

21263 hawla the Destroyer (level 12, -5/83 HPs)
             Began as a Yellow Draconian Conjurer on Jan 31, 2021.
             Was an Initiate of Gozag.
             Hit by a large rock thrown by a cyclops (11 damage)
             ... on level 13 of the Dungeon.
             The game lasted 00:48:03 (19176 turns).

hawla the Destroyer (Yellow Draconian Conjurer)    Turns: 19176, Time: 00:48:05

Health: -5/83      AC: 16    Str:  9    XL:     12   Next: 52%
Magic:  1/25       EV: 12    Int: 35    God:    Gozag
Gold:   3255       SH:  5    Dex: 11    Spells: 12/29 levels left

rFire    . . .     SeeInvis .   q - +3 quarterstaff (chaos)
rCold    . . .     Faith    .   (shield currently unavailable)
rNeg     . . .     Spirit   .   (armour unavailable)
rPois    .         Reflect  +   I - +2 hat
rElec    .         Harm     .   r - +2 cloak
rCorr    +         Rampage  .   (no gloves)
Will     .....     Clarity  +   x - +2 pair of boots
Stlth    ++........             j - amulet of reflection
HPRegen  0.23/turn              c - +6 ring of intelligence
MPRegen  0.19/turn              M - +6 ring of intelligence

@: gold aura
A: spit acid, unfitting armour, clarity, cold-blooded, acid resistance, AC +8
a: Breathe Acid, Renounce Religion, Potion Petition, Call Merchant, Bribe Branch


You were on level 13 of the Dungeon.
You worshipped Gozag.
Gozag was most pleased with you.
You visited 2 branches of the dungeon, and saw 14 of its levels.
You also visited: Sewer and Bailey.

You collected 3300 gold pieces.
You paid 45 gold pieces to Gozag.

Inventory:

Hand Weapons
 q - a +3 quarterstaff of chaos (weapon)
Missiles
 b - 79 boomerangs
 h - 42 poisoned darts (quivered)
 J - 4 curare-tipped darts
Armour
 r - a +2 cloak (worn)
 x - a +2 pair of boots (worn)
 I - a +2 hat (worn)
Jewellery
 c - a +6 ring of intelligence (left hand)
 d - an uncursed amulet of magic regeneration
 j - an amulet of reflection (around neck)
 p - an uncursed ring of poison resistance
 t - the ring of Lupp {rF+ rN+}
   (You acquired it on level 9 of the Dungeon)

   [ring of protection from fire]

   It protects you from fire.
   It protects you from negative energy.
 D - an uncursed ring of flight
 H - an uncursed amulet of faith
 M - a +6 ring of intelligence (right hand)
Wands
 n - a wand of acid (21)
 u - a wand of disintegration (24)
 v - a wand of digging (3)
 w - a wand of iceblast (28)
 y - a wand of paralysis (7)
 B - a wand of flame (22)
 F - a wand of enslavement (9)
Scrolls
 a - 12 scrolls of remove curse
 i - a scroll of magic mapping
 k - 3 scrolls of enchant armour
 A - 6 scrolls of identify
 C - 2 scrolls of amnesia
 K - a scroll of enchant weapon
 L - a scroll of noise {unknown}
Potions
 e - 12 potions of curing
 f - 3 potions of haste
 g - 9 potions of heal wounds
 l - 5 potions of brilliance
 m - 7 potions of might
 o - a potion of flight
 s - 2 potions of ambrosia
 z - a potion of magic


   Skills:
 - Level 1.0 Fighting
 - Level 12.0 Staves
 - Level 1.7 Dodging
 - Level 1.7 Stealth
 - Level 9.0 Spellcasting
 - Level 12.0 Conjurations
 - Level 1.0 Necromancy
 - Level 2.0 Translocations
 - Level 1.0 Transmutations
 + Level 8.3 Fire Magic
 - Level 1.0 Earth Magic


You had 12 spell levels left.
You knew the following spells:

 Your Spells              Type           Power        Failure   Level
a - Magic Dart            Conj           100%         1%          1
b - Searing Ray           Conj           100%         1%          2
c - Iskenderun's Mystic   Conj/Tloc      59%          1%          4
d - Blink                 Tloc           N/A          1%          2
e - Conjure Flame         Conj/Fire      72%          1%          3
f - Fireball              Conj/Fire      36%          1%          5

Your spell library contained the following spells:

 Spells                   Type           Power        Failure   Level
 Foxfire                  Conj/Fire      100%         1%          1
 Dazzling Flash           Conj/Hex       100%         1%          3
 Inner Flame              Hex/Fire       45%          1%          3
 Mephitic Cloud           Conj/Pois/Air  43%          1%          3
 Sticky Flame             Conj/Fire      72%          1%          4
 Corona                   Hex            16%          2%          1
 Summon Small Mammal      Summ           60%          2%          1
 Sublimation of Blood     Necr           11%          2%          2
 Fulminant Prism          Conj/Hex       27%          2%          4
 Corpse Rot               Necr/Air       N/A          3%          2
 Call Imp                 Summ           15%          4%          2
 Ensorcelled Hibernation  Hex/Ice        30%          4%          2
 Slow                     Hex            15%          4%          2
 Call Canine Familiar     Summ           15%          9%          3
 Confusing Touch          Hex            15%          9%          3
 Summon Guardian Golem    Hex/Summ       15%          9%          3
 Tukima's Dance           Hex            15%          9%          3
 Dispel Undead            Necr           22%          19%         4
 Summon Ice Beast         Ice/Summ       15%          26%         4
 Summon Lightning Spire   Summ/Air       15%          26%         4
 Agony                    Necr           22%          45%         5
 Excruciating Wounds      Necr           11%          45%         5


Dungeon Overview and Level Annotations

Branches:
Dungeon (13/15)            Temple (1/1) D:4            Lair (0/6) D:11
    Orc (0/2) D:11          Sewer (visited)          Bailey (visited)
 Vaults: D:13-14

Altars:
Ashenzari
Cheibriados
Dithmenos
Elyvilon
Fedhas
Gozag
Hepliaklqana
Kikubaaqudgha
Makhleb
Nemelex Xobeh
Okawaru
Qazlal
Ru
Sif Muna
Trog
Uskayaw
Vehumet
Wu Jian
Xom
Yredelemnul
Zin
The Shining One

Shops:
D:7 *


Innate Abilities, Weirdness & Mutations

You can spit globs of acid.
Your golden yellow scales are hard. (AC +8)
You cannot fit into any form of body armour.
You are cold-blooded and may be slowed by cold attacks.
You are resistant to acid. (rCorr)
You possess an exceptional clarity of mind.


Message History

It was a potion of cancellation.
Your magical effects are unravelling.
You feel magically purged.
You feel less wooden.
Your +2 cloak unmelds from your body.
Your +2 hat unmelds from your body.
Your +2 pair of boots unmelds from your body.
The troll bites you!
* * * LOW HITPOINT WARNING * * *
The troll claws you.
* * * LOW HITPOINT WARNING * * *
The troll claws you but does no damage.
As you read the scroll labelled PYXACS VEUCH, it crumbles to dust.
You experience a momentary feeling of inescapable doom!
It was a scroll of random uselessness.
You block the troll's attack. The troll claws you.
* * * LOW HITPOINT WARNING * * *
The troll claws you but does no damage.
The cyclops throws a large rock.
The large rock hits you!
You die...
Your body crumbles into a pile of gold.

##............###.
$....###..##...........##
..........###...).).)...
..................).....
.$......................
.......................#
.................#......
....>.T.................
....C.$@.....[..#..[....
.......#........#.......
.......###.#.##.#.##...#
....... #.####.... ..
....... #.# .... #......
#.# ..... ###.... ... ##.
#.... ... $ $ ...


You could see a cyclops and a troll.

Vanquished Creatures
  Gastronok (D:11)
  2 boulder beetles
  A centaur warrior (D:13)
  3 two-headed ogres
  The ghost of Myro the Purveyor of Pain, a journeyman VSNe of Kikubaaqudgha (D:10)
  2 unseen horrors
  An ugly thing (D:13)
  2 centaur zombies
  A kobold demonologist (D:12)
  4 trolls
  17 yaks
  2 wyverns
  6 wraiths
  A basilisk (D:12)
  2 water elementals (D:11)
  2 acid dragons
  A soldier ant (D:12)
  A water moccasin (D:6)
  Duvessa (D:6)
  4 orc warriors
  An ice beast (D:8)
  A sky beast (D:8)
  A black bear (D:6)
  15 centaurs
  5 ogres
  A phantom (D:8)
  2 wolves (D:11)
  9 big kobolds
  9 bullfrogs
  2 gnoll sergeants
  Dowan (D:6)
  3 scorpions
  A wyvern skeleton (D:11)
  9 killer bees (D:8)
  14 wights
  8 electric eels
  A bullfrog zombie (D:10)
  12 hounds
  3 jellies
  A quasit (D:12)
  10 orc priests
  Crazy Yiuf (D:6)
  2 centaur skeletons
  4 bullfrog skeletons
  10 orc wizards
  2 iguanas
  3 worker ants
  2 worker ant zombies
  3 howler monkey skeletons
  28 gnolls
  21 adders
  A river rat (D:6)
  3 shadow imps
  A white imp (D:10)
  An ufetubus (D:6)
  5 oozes
  An adder skeleton (D:7)
  5 worms
  2 dart slugs
  5 leopard geckos
  48 orcs
  7 bats
  5 giant cockroaches
  4 goblins
  18 hobgoblins
  2 jackals (D:3)
  42 kobolds
  3 quokkas
  8 ball pythons
  7 frilled lizards
  A jackal skeleton (D:4)
  A quokka skeleton (D:7)
  2 quokka zombies (D:6)
  9 rats
421 creatures vanquished.

Vanquished Creatures (others)
  19 plants
  2 withered plants (D:8)
21 creatures vanquished.

Grand Total: 442 creatures vanquished

Notes
Turn   | Place    | Note
-------+----------+-------------------------------------------
     0 | D:1      | hawla the Draconian Conjurer began the quest for the Orb.
     0 | D:1      | Reached XP level 1. HP: 14/14 MP: 3/3
   289 | D:1      | Reached XP level 2. HP: 22/22 MP: 3/5
   292 | D:1      | Learned a level 2 spell: Searing Ray
   577 | D:1      | Reached skill level 1 in Fighting
   985 | D:2      | Reached XP level 3. HP: 7/28 MP: 1/6
  1291 | D:2      | Reached skill level 5 in Conjurations
  1517 | D:2      | Reached XP level 4. HP: 30/35 MP: 1/8
  1522 | D:2      | Learned a level 4 spell: Iskenderun's Mystic Blast
  1982 | D:2      | Reached skill level 1 in Translocations
  2492 | D:3      | Reached XP level 5. HP: 37/40 MP: 3/9
  3515 | D:3      | Reached XP level 6. HP: 38/47 MP: 7/11
  4069 | D:4      | Found a staircase to the Ecumenical Temple.
  4096 | Temple   | Entered the Ecumenical Temple
  4421 | D:4      | Your scales start taking on a golden yellow colour.
  4421 | D:4      | Reached XP level 7. HP: 52/52 MP: 8/13
  4421 | D:4      | Gained mutation: You are resistant to acid. (rCorr) [Yellow
                  | Draconian growth]
  4737 | Temple   | Became a worshipper of Gozag Ym Sagoz the Greedy
  4933 | D:5      | Entered Level 5 of the Dungeon
  5478 | D:5      | Found a blossoming altar of Fedhas.
  5864 | D:6      | Reached skill level 5 in Spellcasting
  5880 | D:6      | Noticed Duvessa
  5880 | D:6      | Noticed Dowan
  5893 | D:6      | Killed Duvessa
  5894 | D:6      | Reached XP level 8. HP: 40/59 MP: 3/15
  5895 | D:6      | Killed Dowan
  5973 | D:6      | Found a glowing drain.
  6002 | Sewer    | Entered a sewer
  7079 | D:6      | Found a runed translucent door.
  7080 | D:6      | Noticed Crazy Yiuf
  7117 | D:6      | Found a bloodstained altar of Trog.
  7267 | D:6      | Reached skill level 1 in Staves
  7295 | D:6      | Found a glowing golden altar of the Shining One.
  7419 | D:6      | Killed Crazy Yiuf
  7484 | D:7      | Found Befruj Bile's Mass Market.
  7634 | D:7      | Reached XP level 9. HP: 60/64 MP: 14/18
  7682 | D:7      | Reached skill level 10 in Conjurations
  8416 | D:8      | Found a flagged portal.
  8443 | Bailey   | Entered a bailey
  9643 | D:8      | Found a basalt altar of Yredelemnul.
  9673 | D:8      | Reached skill level 5 in Staves
 10539 | D:9      | Identified a scroll of acquirement
 10694 | D:9      | Gained mutation: You are clumsy. (Dex -2) [potion of
                  | mutation]
 10694 | D:9      | Lost mutation: You are clumsy. (Dex -2) [potion of
                  | mutation]
 10694 | D:9      | Gained mutation: You possess an exceptional clarity of
                  | mind. [potion of mutation]
 10697 | D:9      | Acquired the ring of Lupp {rF+ rN+}
 10730 | D:9      | Reached XP level 10. HP: 63/71 MP: 11/20
 12128 | D:9      | Learned a level 2 spell: Blink
 12132 | D:9      | Learned a level 3 spell: Conjure Flame
 12151 | D:10     | Entered Level 10 of the Dungeon
 12151 | D:10     | Noticed a two-headed ogre
 12376 | D:10     | Reached skill level 1 in Fire Magic
 12379 | D:10     | Killed a two-headed ogre
 12567 | D:10     | Killed an unseen horror
 13203 | D:10     | Reached XP level 11. HP: 62/77 MP: 17/23
 13721 | D:11     | Noticed a boulder beetle
 13731 | D:11     | Killed a boulder beetle
 13976 | D:11     | Found a staircase to the Orcish Mines.
 14415 | D:11     | Found a staircase to the Lair.
 14467 | D:11     | Noticed Gastronok
 14490 | D:11     | Killed Gastronok
 15004 | D:11     | Reached skill level 10 in Staves
 15096 | D:11     | Reached skill level 5 in Fire Magic
 15323 | D:11     | Found a runed translucent gate.
 15328 | D:11     | Found a runed translucent gate.
 15329 | D:11     | Found a runed translucent gate.
 15342 | D:11     | Noticed Myro's ghost (journeyman VSNe)
 16110 | D:10     | Killed Myro's ghost
 16413 | D:11     | Learned a level 5 spell: Fireball
 16741 | D:12     | Noticed a boulder beetle
 16898 | D:12     | Reached XP level 12. HP: 83/83 MP: 21/25
 16946 | D:12     | Noticed a two-headed ogre
 16954 | D:12     | Killed a two-headed ogre
 17779 | D:12     | Noticed a two-headed ogre
 17790 | D:12     | Killed a two-headed ogre
 18320 | D:12     | Killed a boulder beetle
 18461 | D:13     | Noticed a centaur warrior
 18471 | D:13     | Killed a centaur warrior
 18472 | D:13     | Reached skill level 1 in Necromancy
 18472 | D:13     | Reached skill level 1 in Transmutations
 18472 | D:13     | Reached skill level 1 in Earth Magic
 19176 | D:13     | Hit by a large rock thrown by a cyclops

Illustrated notes

Levels and vault maps discovered:
D:1:      roderic_octagonal_star, layout_loops_ring
D:2:      layout_basic
D:3:      minmay_chambers_of_threes, layout_basic
D:4:      layout_basic, minmay_temple_entry_ruins
D:5:      layout_cave_pools, fedhas_altar_4
D:6:      layout_rooms, lemuel_coloured_pillars_altar, tso_metal_star,
          portal_sewer_entry_e, uniq_duvessa, uniq_crazy_yiuf_cottage
D:7:      layout_basic, minmay_shop_mass, kennysheep_generic_room_3
D:8:      layout_loops_corners, yredelemnul_altar_generic, enter_bailey_6,
          minivault_26
D:9:      statuecave_lemuel, layout_loops_ring
D:10:     layout_basic
D:11:     layout_basic, erik_lair_island, serial_bayou, serial_bayou_ford_a,
          serial_bayou_shore_b, gammafunk_ghost_spectres, minivault_16,
          hangedman_decor_clover_reticule, uniq_gastronok
D:12:     layout_gridville
D:13:     layout_cave_pools, erik_vaults_2, serial_shops, shop_statue
Temple:   compressed_dpeg_circular_temple

Skill      XL: |  1  2  3  4  5  6  7  8  9 10 11 12 |
---------------+-------------------------------------+-----
Fighting       | 1 |  1.0
Conjurations   | 5 6 8 9 11 12 | 12.0
Translocations | 1 2 |  2.0
Spellcasting   | 3 4 5 6 7 8 9 |  9.0
Staves         | 2 5 8 11 12 | 12.0
Fire Magic     | 2 6 8 |  8.3
Necromancy     | 1 |  1.0
Transmutations | 1 |  1.0
Earth Magic    | 1 |  1.0
Dodging        | |  1.7
Stealth        | |  1.7

Action                   |  1- 3 |  4- 6 |  7- 9 | 10-12 || total
-------------------------+-------+-------+-------+-------++-------
Melee: Unarmed           |    26 |    34 |   112 |       ||   172
       Tailslap          |       |     7 |    18 |    11 ||    36
       Quarterstaff      |       |       |    57 |   128 ||   185
Throw: Dart              |       |       |       |    10 ||    10
 Cast: Magic Dart        |    27 |    33 |    80 |    58 ||   198
       Searing Ray       |    10 |    35 |    93 |    95 ||   233
       Iskenderun's Myst |       |     3 |    21 |    71 ||    95
       Conjure Flame     |       |       |       |     2 ||     2
       Fireball          |       |       |       |     2 ||     2
 Abil: Evoke Flight      |       |       |       |     1 ||     1
  Use: Scroll            |     4 |     5 |    13 |     2 ||    24
       Potion            |       |       |    11 |     4 ||    15
 Stab: Distracted        |       |       |     1 |     1 ||     2
       Confused          |       |       |       |     1 ||     1
       Paralysed         |       |       |       |     1 ||     1
Armor: Skin              |     7 |     5 |    91 |   126 ||   229
Dodge: Dodged            |    15 |    26 |   170 |   144 ||   355
Block: Other             |     5 |    11 |    54 |    72 ||   142
       Reflection        |       |       |     7 |    12 ||    19
